 Dungeon Crawl Stone Soup version 0.14.0-7-g2801ba0 (webtiles) character file.

1382 Ragg the Skirmisher (level 8, 73/73 HPs)
             Began as a Minotaur Fighter on Apr 13, 2014.
             Quit the game on Level 6 of the Dungeon.
             The game lasted 00:14:26 (5131 turns).

Ragg the Skirmisher (Minotaur Fighter)              Turns: 5131, Time: 00:14:27

HP  73/73        AC 19     Str 22      XL: 8   Next:  2%
MP   3/3         EV  2     Int  7      God:
Gold 357         SH 30     Dex  9      Spells:  0 memorised,  7 levels left

rFire  . . .     SeeInvis .     a - +0 war axe
rCold  . . .     Clarity  .     s - +2 plate armour
rNeg   . . .     Conserve .     F - +1 large shield
rPois  .         rCorr    .     (helmet restricted)
rElec  .         rRot     .     I - +0 cloak
SustAb . .       Spirit   .     K - +0 pair of gloves
rMut   .         Warding  .     D - +0 pair of boots
Saprov . . .     Stasis   .     (no amulet)
MR     +....                    (no ring)
                                i - ring of protection from magic {unknown}

@: somewhat resistant to hostile enchantments, extremely unstealthy
A: retaliatory headbutt, horns 2
a: no special abilities


You were on level 6 of the Dungeon.
You were hungry.

You visited 2 branches of the dungeon, and saw 7 of its levels.

You collected 357 gold pieces.

Inventory:

Hand weapons
 a - a +0,+0 war axe (weapon)
Missiles
 f - 57 stones (quivered)
Armour
 s - a +2 plate armour (worn)
 D - a +0 pair of boots (worn)
 F - a +1 large shield (worn)
 I - a +0 cloak (worn)
 K - a +0 pair of gloves (worn)
Magical devices
 y - a wand of cold (6) {unknown}
Comestibles
 c - 11 sultanas
 d - 5 bread rations
 k - 2 meat rations
 w - 2 chokos
Scrolls
 h - 2 scrolls of random uselessness {unknown}
 j - 2 scrolls of recharging {unknown}
 n - 7 scrolls of identify {unknown}
 o - 3 scrolls of enchant armour {unknown}
 q - 3 scrolls of remove curse {unknown}
 r - a scroll of fear {unknown}
 t - 3 scrolls of immolation {unknown}
 v - 2 scrolls of enchant weapon II {unknown}
 A - a scroll of magic mapping {unknown}
 J - a scroll of amnesia {unknown}
 L - a scroll of teleportation {unknown}
 M - a scroll of fog {unknown}
Jewellery
 i - a ring of protection from magic (left hand) {unknown}
 z - an uncursed amulet of stasis {unknown}
 H - a cursed ring of teleportation {unknown}
Potions
 b - a potion of brilliance {unknown}
 e - 4 potions of might
 g - a potion of poison {unknown}
 l - 5 potions of curing {unknown}
 m - 2 potions of paralysis {unknown}
 p - a potion of haste {unknown}
 u - a potion of beneficial mutation {unknown}
 x - a potion of heal wounds {unknown}
 B - a potion of cure mutation {unknown}
 C - a potion of flight {unknown}
 E - a potion of berserk rage {unknown}
 G - a potion of resistance {unknown}
 N - a potion of lignification {unknown}


   Skills:
 + Level 7.5 Fighting
 + Level 6.1 Axes
 + Level 7.5 Armour
 + Level 4.2 Shields


You had 7 spell levels left.
You didn't know any spells.

Dungeon Overview and Level Annotations

Branches:
Dungeon (6/15)             Temple (1/1) D:5

Altars:
Cheibriados
Elyvilon
Fedhas
Kikubaaqudgha
Makhleb
Nemelex Xobeh
Sif Muna
Vehumet
Xom
Yredelemnul
Zin

Shops:
D:4 :


Innate Abilities, Weirdness & Mutations

You reflexively headbutt those who attack you in melee.
You have a pair of horns on your head.


Message History

No target in view!
No target in view!
Found a war axe.
M - a scroll labeled KLORAL DEODIU
l - 5 silvery potions (gained 1)
N - a slimy silvery potion
Found a trident.
Found a morningstar and a scale mail.
Search for what [Enter for "shield", or ? for help]? ego && weapon Unknown command.
Unknown command.
Unknown command.
Unknown command.
Unknown command.
Unknown command.
Unknown command.
Unknown command.
Unknown command.
Unknown command.
Are you sure you want to abandon this character and quit the game? (Confirm with "yes".)

. #... #.) #...
#.# ##... #.# ..
#.... #.###...
##....
####.......
#....#
#.......)[.
#...##
#..........#
#..... #..@.#
###... ####.#
##### #...
#.######...###...
#................
####...#...###...
#...##### #...
##### ##.. ###


There were no monsters in sight!

Vanquished Creatures
  A necrophage (D:6)
  A phantom (D:4)
  A centaur (D:5)
  A giant frog (D:5)
  2 crimson imps
  A hound (D:4)
  A goliath beetle (D:6)
  An orc priest (D:5)
  2 worker ants (D:4)
  A giant frog skeleton (D:5)
  3 orc wizards
  Ijyb (D:3)
  Jessica (D:3)
  5 adders
  10 gnolls
  2 shadow imps (D:5)
  2 giant mites (D:3)
  An inept feature mimic (D:2)
  3 worms
  An iguana skeleton (D:5)
  3 giant eyeballs
  6 giant geckos
  7 orcs
  3 ball pythons
  7 giant cockroaches
  7 goblins
  13 hobgoblins
  5 jackals
  15 kobolds
  4 quokkas
  6 bats
  A giant gecko zombie (D:5)
  9 giant newts
  7 rats
  A rat skeleton (D:5)
135 creatures vanquished.

Notes
Turn   | Place    | Note
--------------------------------------------------------------
     0 | D:1      | Ragg, the Minotaur Fighter, began the quest for the Orb.
     0 | D:1      | Reached XP level 1. HP: 19/19 MP: 1/1
   155 | D:1      | Reached skill level 4 in Fighting
   156 | D:1      | Reached XP level 2. HP: 21/27 MP: 1/1
   795 | D:2      | Reached XP level 3. HP: 34/34 MP: 2/2
   937 | D:2      | Reached skill level 5 in Fighting
   937 | D:2      | Reached XP level 4. HP: 30/42 MP: 2/2
   956 | D:2      | Found a sparkling altar of Nemelex Xobeh.
  1812 | D:2      | Reached XP level 5. HP: 42/48 MP: 2/2
  1958 | D:3      | Reached skill level 5 in Armour
  1977 | D:3      | Noticed Jessica
  1979 | D:3      | Killed Jessica
  2106 | D:3      | Found a white marble altar of Elyvilon.
  2429 | D:3      | Noticed Ijyb
  2437 | D:3      | Killed Ijyb
  2681 | D:4      | Reached XP level 6. HP: 38/57 MP: 3/3
  2806 | D:4      | Found a blossoming altar of Fedhas.
  2923 | D:4      | Noticed a phantom
  2935 | D:4      | Killed a phantom
  2935 | D:4      | Reached skill level 6 in Fighting
  3046 | D:4      | Found Lueruezu's Book Boutique.
  3190 | D:5      | Entered Level 5 of the Dungeon
  3487 | D:4      | Reached skill level 5 in Axes
  3745 | D:5      | Paralysed by a giant eyeball for 2 turns
  3751 | D:5      | Paralysed by a giant eyeball for 2 turns
  3831 | D:5      | Reached XP level 7. HP: 61/64 MP: 3/3
  4000 | D:5      | Found a staircase to the Ecumenical Temple.
  4016 | D:5      | Reached skill level 7 in Fighting
  4026 | Temple   | Entered the Ecumenical Temple
  4749 | D:6      | Reached XP level 8. HP: 66/73 MP: 3/3
  5131 | D:6      | Quit the game

Action                   |  1- 3 |  4- 6 |  7- 9 || total
-------------------------+-------+-------+-------++-------
Melee: War axe           |    57 |   173 |    78 ||   308
